 Dungeon Crawl Stone Soup version 0.29.0-7-g18a832c13a (webtiles) character file.

Game seed: 3763721563568473085

2706 sanka the Grappler (level 9, -11/89 HPs)
             Began as a Troll Cinder Acolyte on Aug 30, 2022.
             Was a High Priest of Ignis.
             Mangled by an ogre
             ... wielding a +0 giant club
              (22 damage)
             ... on level 7 of the Dungeon.
             The game lasted 00:07:24 (4814 turns).

sanka the Grappler (Troll Cinder Acolyte)           Turns: 4814, Time: 00:07:25

Health: -11/89     AC: 12    Str: 28    XL:     9   Next: 39%
Magic:  9/9        EV:  9    Int: 10    God:    Ignis [*****.]
Gold:   324        SH:  0    Dex:  5    Spells: 10/10 levels left

rFire   + . .      SeeInvis .     - Unarmed
rCold   . . .      Faith    .   (no shield)
rNeg    . . .      Spirit   .   a - +0 robe
rPois   .          Reflect  .   (helmet restricted)
rElec   .          Harm     .   o - +0 cloak {Will+}
rCorr   .          Rampage  .   (gloves unavailable)
Will    +....                   (boots unavailable)
Stlth   +.........              A - amulet of regeneration
HPRegen 1.84/turn               (no ring)
MPRegen 0.11/turn               (no ring)

@: lethally poisoned (-11 -> -11), fiery-armoured
A: large, unfitting armour, claws 3, regeneration 1, shaggy fur 1, tough skin 1
a: Renounce Religion, Fiery Armour, Foxfire Swarm, Rising Flame


You were on level 7 of the Dungeon.
You worshipped Ignis.
Ignis was extremely pleased with you.
You visited 2 branches of the dungeon, and saw 8 of its levels.
You also visited: Sewer.

You collected 414 gold pieces.
You spent 90 gold pieces at shops.


Innate Abilities, Weirdness & Mutations

You are too large for most types of armour.
You have claws for hands.
Your natural rate of healing is unusually fast.
You are covered in fur. (AC +1)
You have tough skin. (AC +1)


   Skills:
 + Level 5.7 Fighting
 + Level 11.7 Unarmed Combat
 - Level 1.0 Spellcasting
 - Level 2.1 Fire Magic


You had 10 spell levels left.
You didn't know any spells.
Your spell library contained the following spells:

 Spells                   Type           Power      Damage    Failure   Level
 Scorch                   Fire           8%         2d5       22%         2
 Call Canine Familiar     Summ           0%         N/A       71%         3
 Portal Projectile        Hex/Tloc       0%         N/A       71%         3
 Flame Wave               Conj/Fire      2%         2d4       91%         4
 Leda's Liquefaction      Hex/Erth       0%         N/A       98%         4
 Summon Cactus Giant      Summ           0%         N/A       100%        6

Inventory:

Missiles
 e - 2 throwing nets {=f}
 v - 5 javelins
 y - 4 curare-tipped darts {=f}
Armour
 a - a +0 robe (worn)
 o - a +0 cloak of willpower (worn)
Jewellery
 n - an amulet of guardian spirit
 A - an amulet of regeneration (around neck)
Wands
 x - a wand of paralysis (4)
Scrolls
 b - 11 scrolls of identify {unknown}
 c - 2 scrolls of teleportation {unknown}
 d - 2 scrolls of noise {unknown}
 h - 3 scrolls of magic mapping {unknown}
 j - 3 scrolls of enchant weapon {unknown}
 k - 2 scrolls of enchant armour {unknown}
 l - a scroll of immolation {unknown}
 m - 2 scrolls of blinking {unknown}
 p - a scroll of vulnerability {unknown}
 t - a scroll of brand weapon {unknown}
 u - a scroll of poison {unknown}
Potions
 f - 3 potions of curing {@q1}
 g - 2 potions of haste {unknown}
 i - 3 potions of invisibility {unknown}
 q - a potion of brilliance {unknown}
 r - 7 potions of mutation {!q}
 s - 4 potions of flight
 w - a potion of heal wounds {unknown}
 z - a potion of degeneration {unknown}

Dungeon Overview and Level Annotations

Branches:
Dungeon (7/15)             Temple (1/1) D:4           Sewer (visited)

Altars:
Cheibriados
Dithmenos
Elyvilon
Fedhas
Hepliaklqana
Kikubaaqudgha
Makhleb
Nemelex Xobeh
Okawaru
Ru
Sif Muna
Vehumet
Wu Jian
Xom
Yredelemnul
Zin

Shops:
D:5 (

Annotations:
D:5 2 runed translucent doors

▒▒▒▒▒▒ .....▒ ▒▒▒▒.▒
▒▒▒▒.▒▒▒ ▒▒ .......▒ .y
▒▒▒▒.▒.▒ y▒
▒▒▒▒.▒.▒▒▒▒▒▒▒▒ .▒
..............▒▒▒▒.▒▒▒▒.▒
▒▒▒▒.▒▒▒▒▒......TO.......
▒ ▒.▒ ▒..▒.▒▒▒▒.▒▒▒▒.▒ ▒
▒.▒ ▒...>.. .▒ ▒ ▒.▒
▒.▒▒....▒▒▒ ▒▒▒▒.▒
▒.▒▒▒▒▒.▒ .....▒ ▒.▒ .▒
▒▒▒▒▒▒ ..▒ ▒ ▒▒


You could see an ogre.


Message History

The killer bee is burned by your cloak of flames.
The killer bee is almost dead.
You barely miss the killer bee.
The killer bee is almost dead.
You feel sick. The killer bee stings you.
* * * LOW HITPOINT WARNING * * *
You are more poisoned.
The killer bee poisons you!
The killer bee is burned by your cloak of flames.
The killer bee is almost dead.
You barely miss the killer bee. Your claw misses the killer bee.
The killer bee is almost dead.
You feel sick. The killer bee barely misses you.
An ogre comes into view. It is wielding a +0 giant club.
The killer bee stings you but does no damage.
The killer bee is burned by your cloak of flames.
You kill the killer bee!
You feel sick.
Things that are here:
a killer bee corpse; a killer bee corpse Unknown command.
You claw the ogre! You claw the ogre!
The ogre is severely wounded.
You feel sick.
The ogre hits you with a +0 giant club!!
You die...

Action                   |  1- 3 |  4- 6 |  7- 9 || total
-------------------------+-------+-------+-------++-------
Melee: Unarmed           |    83 |   142 |   215 ||   440
       Punch             |     1 |     1 |     8 ||    10
Invok: Fiery Armour      |       |       |     1 ||     1
  Use: Potion            |       |     2 |       ||     2
Armor: Robe              |    29 |    60 |    46 ||   135
Dodge: Dodged            |    32 |    56 |    73 ||   161

Levels and vault maps discovered:
D:1:      dpeg_arrival_ratfight, layout_loops_ring
D:2:      layout_basic, basic_altar, grunt_ministairs_15, uniq_sigmund
D:3:      layout_rooms, hellmonk_ecumenical_altar_heavens_door,
          portal_sewer_entry_b
D:4:      layout_cave_pools, zin_purify, minmay_temple_entry_antechambers
D:5:      layout_loops_cross, serial_shops, nicolae_stop_n_shop_2,
          minmay_stone_trees_small, minmay_hollow_rounded_squares, uniq_grinder
D:6:      layout_loops_cross, yredelemnul_forgotten_temple_becter,
          nicolae_ru_the_path_less_chosen, general_overflow_altar
D:7:      gammafunk_corrupted_shrine, layout_loops_ring,
          nicolae_uskayaw_dance_studio, lemuel_round_altar,
          mainiacjoe_overflow_alcove_2
Temple:   hellmonk_temple_of_storms

Notes
Turn   | Place    | Note
-------+----------+-------------------------------------------
     0 | D:1      | sanka the Troll Cinder Acolyte began the quest for the Orb.
     0 | D:1      | Reached XP level 1. HP: 22/22 MP: 1/1
    71 | D:1      | Reached XP level 2. HP: 28/29 MP: 2/2
   757 | D:2      | Found a shimmering altar of Xom.
   765 | D:2      | Reached skill level 4 in Unarmed Combat
   883 | D:2      | Reached XP level 3. HP: 36/36 MP: 3/3
   883 | D:2      | Identified the +1 helmet "Xosaasys" {Fly Slay+3}
   999 | D:2      | Noticed Sigmund
  1005 | D:2      | Killed Sigmund
  1006 | D:2      | Reached skill level 6 in Unarmed Combat
  1006 | D:2      | Reached XP level 4. HP: 36/44 MP: 4/4
  1006 | D:2      | Reached XP level 5. HP: 41/50 MP: 5/5
  1334 | D:3      | Found a glowing drain.
  1342 | Sewer    | Entered a sewer
  1353 | Sewer    | Reached XP level 6. HP: 59/59 MP: 6/6
  1500 | Sewer    | Reached skill level 7 in Unarmed Combat
  2130 | D:3      | Found a faded altar of an unknown god.
  2488 | D:4      | Found Zin's Purification Station.
  2489 | D:4      | Found a glowing silver altar of Zin.
  2496 | D:4      | Bought a potion of curing for 90 gold pieces
  2549 | D:4      | Reached skill level 8 in Unarmed Combat
  2549 | D:4      | Reached XP level 7. HP: 66/66 MP: 7/7
  2582 | D:4      | Found a staircase to the Ecumenical Temple.
  2644 | Temple   | Entered the Ecumenical Temple
  2987 | D:5      | Entered Level 5 of the Dungeon
  3141 | D:5      | Found Niusadgh's Antique Weapon Boutique.
  3222 | D:5      | Noticed Grinder
  3263 | D:5      | Killed Grinder
  3264 | D:5      | Reached skill level 9 in Unarmed Combat
  3411 | D:5      | Reached XP level 8. HP: 74/74 MP: 8/8
  3421 | D:5      | Reached skill level 10 in Unarmed Combat
  3514 | D:5      | Found a large runed translucent door.
  3514 | D:5      | Found a large runed translucent door.
  3516 | D:5      | Found a large runed translucent door.
  3516 | D:5      | Found a large runed translucent door.
  3575 | D:5      | Reached skill level 3 in Fighting
  3635 | D:5      | Reached skill level 4 in Fighting
  3717 | D:5      | Noticed a kobold demonologist
  3727 | D:5      | Killed a kobold demonologist
  3728 | D:5      | Reached skill level 11 in Unarmed Combat
  3932 | D:5      | Reached XP level 9. HP: 45/87 MP: 3/9
  4012 | D:6      | Reached skill level 5 in Fighting
  4077 | D:6      | Found an ornate altar of the Wu Jian Council.
  4106 | D:6      | Found a sacrificial altar of Ru.
  4656 | D:6      | Found a basalt altar of Yredelemnul.
  4814 | D:7      | Mangled by an ogre

Vanquished Creatures
  A kobold demonologist (D:5)
  Grinder (D:5)
  Sigmund (D:2)
  A steam dragon (D:6)
  An acid dragon (D:5)
  A water moccasin (D:6)
  An ice beast (D:5)
  A centaur (D:5)
  A phantom (D:5)
  A bullfrog (D:5)
  3 necrophages
  3 scorpions
  6 killer bees
  A howler monkey (D:6)
  3 hounds (D:5)
  3 jellies
  3 orc priests (D:5)
  2 gnoll boudas (D:5)
  An orc wizard (D:5)
  7 iguanas
  3 gnolls (D:5)
  10 adders
  5 river rats
  2 white imps
  3 worms
  2 dart slugs
  17 orcs
  10 bats
  5 endoplasms
  6 giant cockroaches
  6 goblins
  2 hobgoblins
  5 jackals
  9 quokkas
  10 ball pythons
  6 kobolds
  11 rats
  A spectral orc (D:6)
155 creatures vanquished.
